 Dungeon Crawl Stone Soup version 0.21.1-1-g345015f (webtiles) character file.

308 vatarom the Distorting Ant (level 6, -1/47 HPs)
             Began as a Formicid Abyssal Knight on Apr 23, 2018.
             Was a Believer of Lugonu.
             Killed from afar by Ijyb (7 damage)
             ... with a wand of flame (16)
             ... on level 4 of the Dungeon.
             The game lasted 00:04:19 (2478 turns).

vatarom the Distorting Ant (FoAK)                   Turns: 2478, Time: 00:04:20

Health: -1/47      AC:  6    Str: 16    XL:     6   Next: 68%
Magic:  10/10      EV: 10    Int: 12    God:    Lugonu [**....]
Gold:   167        SH:  0    Dex: 12    Spells: 5/5 levels left

rFire    . . .     SeeInvis +   a - +1 hand axe
rCold    + . .     Gourm    .   (no shield)
rNeg     . . .     Faith    .   d - +0 ring mail
rPois    .         Spirit   .   (helmet unavailable)
rElec    .         Reflect  .   (no cloak)
rCorr    .         Harm     .   g - +0 pair of gloves
MR       .....                  (no boots)
Stlth    +.........             (no amulet)
HPRegen  0.15/turn              l - ring of protection from cold
MPRegen  0.12/turn              (no ring)

@: lethally poisoned (-1 -> -2)
A: permanent stasis, dig shafts and tunnels, four strong arms, antennae 3
a: Dig, Shaft Self, Depart the Abyss, Bend Space, Renounce Religion


You were on level 4 of the Dungeon.
You worshipped Lugonu.
Lugonu was pleased with you.
You were hungry.

You visited 1 branch of the dungeon, and saw 4 of its levels.
You visited the Abyss 1 time.

You collected 167 gold pieces.

Inventory:

Hand Weapons
 a - a +1 hand axe (weapon)
 f - a +0 blowgun
 i - a +0 hunting sling
Missiles
 k - 17 poisoned needles
Armour
 d - a +0 ring mail (worn)
 g - a +0 pair of gloves (worn)
Jewellery
 l - a ring of protection from cold (left hand)
Scrolls
 b - 5 scrolls of remove curse {unknown}
 e - 8 scrolls of identify {unknown}
 h - a scroll of immolation {unknown}
 j - 2 scrolls of noise {unknown}
 m - 2 scrolls of teleportation {unknown}
 n - 4 scrolls of enchant weapon {unknown}
 o - a scroll of fear {unknown}
 s - a scroll of magic mapping {unknown}
Potions
 t - a potion of flight
Comestibles
 c - 7 rations


   Skills:
 - Level 3.2 Fighting
 + Level 4.7 Axes
 - Level 2.3 Armour
 - Level 0.8 Dodging
 + Level 5.6 Invocations


You had 5 spell levels left.
You didn't know any spells.

Dungeon Overview and Level Annotations

Branches:
Dungeon (4/15)
 Temple: D:4-7

Altars:

Annotations:
D:4 Ijyb


Innate Abilities, Weirdness & Mutations

You cannot be hasted, slowed, berserked, paralysed or teleported.
You can dig through walls and to a lower floor.
Your four strong arms can wield two-handed weapons with a shield.
You have a pair of large antennae on your head. (SInv)


Message History

You kill the adder!
Lugonu accepts your kill.
You feel sick.
You closely miss Ijyb.
You feel sick. Ijyb hits you with a club.
You barely miss Ijyb. Ijyb barely misses you.
You closely miss Ijyb.
You feel sick. Ijyb hits you but does no damage.
You barely miss Ijyb. Ijyb hits you with a club.
You barely miss Ijyb.
You feel sick. Ijyb barely misses you.
You hit Ijyb.
Ijyb is moderately wounded.
Ijyb zaps a wand.
The puff of flame hits you!
* * * LOW HITPOINT WARNING * * *
It is a wand of flame (16).
You hit Ijyb but do no damage.
Ijyb is moderately wounded.
Ijyb misses you.
It was a potion of haste.
Your stasis prevents you from being hasted.
You feel sick.
Ijyb zaps a wand.
The puff of flame hits you!
You die...

..+.........
..##.....## ..##..<...#
{ ..##..##..##
..'..........
..############
###+##### ..# #........
..#
###############........
..#
#...........@g'........
..#
#.#############........
..# #.########
#...%.... ###
#.##.....# #........
#####.##.###.###
#.....(..
...............#
#........
......#.#......#
#........
......#........#
#........
......####.....#


You could see Ijyb.

Vanquished Creatures
  A hound (D:2)
  2 bullfrog skeletons
  An orc wizard (D:3)
  A worker ant (D:4)
  A worker ant zombie (D:4)
  9 adders
  A worm (D:2)
  A dart slug (D:2)
  3 leopard geckos (D:3)
  6 orcs (D:3)
  A ball python (D:2)
  3 giant cockroaches
  11 goblins
  3 hobgoblins
  2 quokkas
  7 bats
  6 frilled lizards
  3 kobolds
  11 rats
73 creatures vanquished.

Notes
Turn   | Place    | Note
-------+----------+-------------------------------------------
     0 | Abyss:1  | vatarom the Formicid Abyssal Knight began the quest for the Orb.
     0 | Abyss:1  | Reached XP level 1. HP: 18/18 MP: 2/2
    26 | Abyss:1  | Found a corrupted altar of Lugonu.
    65 | Abyss:1  | Noticed a small abomination
    77 | Abyss:1  | Noticed a starcursed mass
    80 | D:1      | Escaped the Abyss
   277 | D:1      | Reached XP level 2. HP: 22/24 MP: 3/3
   476 | D:1      | Reached * piety under Lugonu
   917 | D:2      | Reached skill level 3 in Invocations
  1017 | D:2      | Reached XP level 3. HP: 29/29 MP: 5/5
  1215 | D:2      | Reached XP level 4. HP: 31/35 MP: 6/6
  1226 | D:2      | Reached skill level 4 in Invocations
  1302 | D:2      | Reached XP level 5. HP: 25/41 MP: 8/8
  1884 | D:3      | Reached skill level 5 in Invocations
  1884 | D:3      | Reached XP level 6. HP: 46/47 MP: 9/9
  1912 | D:3      | Reached ** piety under Lugonu
  2441 | D:4      | Noticed Ijyb
  2478 | D:4      | Killed from afar by Ijyb

Skill      XL: |  1  2  3  4  5 |
---------------+----------------+-----
Invocations    | 3 4 5 |  5.6
Axes           | 3 4 |  4.7
Fighting       | |  3.2
Armour         | |  2.3
Dodging        | |  0.8

Action                   |  1- 3 |  4- 6 || total
-------------------------+-------+-------++-------
Melee: Hand axe          |    82 |   202 ||   284
Invok: Depart the Abyss  |     1 |       ||     1
 Abil: Dig               |       |     1 ||     1
  Use: Potion            |       |     4 ||     4
  Eat: Chunk             |     1 |     4 ||     5
Armor: Ring mail         |    39 |    89 ||   128
Dodge: Dodged            |    40 |   129 ||   169
